 Dungeon Crawl Stone Soup version 0.20.0-15-g7f486f2 (webtiles) character file.

128 vishdafish the Charmwright (level 4, -5/37 HPs)
             Began as a Draconian Skald on June 29, 2017.
             Killed from afar by an orc wizard (8 damage)
             ... with a magic dart
             ... on level 3 of the Dungeon.
             The game lasted 00:03:17 (1963 turns).

vishdafish the Charmwright (Draconian Skald)        Turns: 1963, Time: 00:03:18

Health: -5/37      AC:  5    Str: 14    XL:     4   Next: 86%
Magic:  8/8        EV: 12    Int: 14    God:
Gold:   64         SH:  0    Dex: 10    Spells: 8/9 levels left

rFire    . . .     SeeInvis .   a - +0 spear
rCold    . . .     Gourm    .   (no shield)
rNeg     . . .     Faith    .   (armour unavailable)
rPois    .         Spirit   .   (helmet restricted)
rElec    .         Reflect  .   (no cloak)
rCorr    .         Harm     .   (no gloves)
MR       .....                  (no boots)
Stlth    +.........             (no amulet)
Regen    0.2/turn               (no ring)
MPRegen  0.2/turn               (no ring)

@: slowed, very slow
A: unfitting armour, cold-blooded, AC +5
a: no special abilities


You were on level 3 of the Dungeon.
You were not hungry.

You visited 1 branch of the dungeon, and saw 3 of its levels.

You collected 64 gold pieces.

Inventory:

Hand Weapons
 a - a +0 spear (weapon)
Missiles
 l - 28 stones (quivered)
Jewellery
 g - an uncursed ring of ice
Scrolls
 d - 2 scrolls of blinking {unknown}
 e - a scroll of teleportation {unknown}
 h - 2 scrolls of immolation {unknown}
 i - a scroll of recharging {unknown}
 j - 2 scrolls of enchant weapon {unknown}
 k - a scroll of remove curse {unknown}
Potions
 f - 2 potions of flight {unknown}
 m - a potion of agility {unknown}
Books
 b - a book of Battle

   Spells                             Type                      Level
   a - Infusion                       Charms                       1
   b - Shroud of Golubria             Charms/Translocation         2
   c - Song of Slaying                Charms                       2
   d - Spectral Weapon                Hexes/Charms                 3
   e - Regeneration                   Charms/Necromancy            3
Comestibles
 c - a bread ration


   Skills:
 + Level 2.7 Fighting
 + Level 3.1 Polearms
 + Level 2.8 Dodging
 * Level 3.0 Spellcasting
 + Level 3.1 Charms


You had 8 spell levels left.
You knew the following spells:

 Your Spells              Type           Power        Failure   Level  Hunger
a - Infusion              Chrm           ##..         6%          1    #......


Dungeon Overview and Level Annotations

Branches:
Dungeon (3/15)

Altars:
Hepliaklqana


Innate Abilities, Weirdness & Mutations

Your plain brown scales are hard. (AC +5)
You cannot fit into any form of body armour.
You are cold-blooded and may be slowed by cold attacks.


Message History

The orc wizard closely misses you.
The orc wizard points at you and mumbles some strange words.
The magic dart hits you!
You hit the orc wizard.
The orc wizard is severely wounded.
The orc wizard closely misses you.
The orc priest calls down the wrath of Beogh upon you.
Beogh smites you!
* * * LOW HITPOINT WARNING * * *
The orc wizard gestures at you while chanting.
The magic dart hits you!
* * * LOW HITPOINT WARNING * * *
You are too injured to fight recklessly!
You feel better.
The orc wizard hits you but does no damage.
The orc wizard hits you with a dagger.
* * * LOW HITPOINT WARNING * * *
The orc wizard casts a spell at you. The magic dart hits you!
You die...

#.#####
#.....#
#####.#
#.# #<#
#.# # #.#
#. #.#
#.##.##@#
#...ogo.#
##.#o####
.b #. #


You could see an orc priest, an orc wizard, an orc, a hobgoblin and a bat.

Vanquished Creatures
  A hound (D:3)
  Jessica (D:2)
  3 worms
  A dart slug (D:1)
  4 leopard geckos
  3 orcs (D:3)
  4 bats
  2 giant cockroaches
  6 goblins
  10 hobgoblins
  4 jackals (D:2)
  7 frilled lizards
  5 kobolds
  A rat (D:1)
52 creatures vanquished.

Notes
Turn   | Place    | Note
-------+----------+-------------------------------------------
     0 | D:1      | vishdafish the Draconian Skald began the quest for the Orb.
     0 | D:1      | Reached XP level 1. HP: 17/17 MP: 3/3
   103 | D:1      | Reached XP level 2. HP: 18/24 MP: 5/5
   372 | D:1      | HP: 1/25 [hobgoblin/club (1)]
   819 | D:1      | Reached XP level 3. HP: 30/30 MP: 6/6
  1194 | D:2      | Found a hazy altar of Hepliaklqana.
  1280 | D:2      | Noticed Jessica
  1425 | D:2      | Killed Jessica
  1425 | D:2      | Reached XP level 4. HP: 34/37 MP: 7/7
  1961 | D:3      | HP: 1/37 [orc wizard/magic dart (5)]
  1963 | D:3      | Killed from afar by an orc wizard

Skill      XL: |  1  2  3  4 |
---------------+-------------+-----
Charms         | 3 |  3.1
Polearms       | 3 |  3.1
Spellcasting   | 3 |  3.0
Fighting       | |  2.7
Dodging        | |  2.8

Action                   |  1- 3 |  4- 6 || total
-------------------------+-------+-------++-------
Melee: Spear             |   165 |    67 ||   232
       Tailslap          |     9 |     9 ||    18
 Cast: Infusion          |     2 |       ||     2
  Use: Potion            |       |     1 ||     1
 Stab: Sleeping          |     1 |       ||     1
  Eat: Chunk             |     2 |     1 ||     3
       Royal jelly       |       |     1 ||     1
Armor: Skin              |    38 |    10 ||    48
Dodge: Dodged            |   100 |    29 ||   129
